 Dungeon Crawl Stone Soup version 0.31.0-1-g2c135a008e (webtiles) character file.

Game seed: 2663195696203309064

50 qw the Shooter (level 4, -5/34 HPs)
             Began as a Djinni Hunter on Jan 23, 2024.
             Slain by Sigmund
             ... wielding a +0 scythe
              (7 damage)
             ... on level 2 of the Dungeon.
             The game lasted 00:00:04 (952 turns).

qw the Shooter (Djinni Hunter)                       Turns: 952, Time: 00:00:04

Health: -5/34      AC:  5    Str: 10    XL:     4   Next: 4%
Gold:   904        EV: 11    Int: 11    God:
                   SH:  5    Dex: 18

rFire   + + .        a - +0 shortbow (flame)
rCold   x . .        (shield currently unavailable)
rNeg    . . .        e - +0 ring mail
rPois   inf          (no helmet)
rElec   .            (no cloak)
rCorr   .            (no gloves)
SInv    .            (boots unavailable)
Will    .....        f - amulet of reflection
Stlth   +            (no ring)
HPRegen 0.25/turn    (no ring)
MPRegen 0.00/turn

%: reflection, infuse magic (-6 HP)
@: flying
A: sickness immunity, fire resistance 2, cold vulnerability 1, float, innate
caster, HP casting, extra vitality 1
a: no special abilities


You were on level 2 of the Dungeon.
You visited 1 branch of the dungeon, and saw 2 of its levels.

You collected 904 gold pieces.


Innate Abilities, Weirdness & Mutations

You are immune to sickness and miasma.
You are immune to poison.
Your flesh is very heat resistant. (rF++)
You are vulnerable to cold. (rC-)
You float through the air rather than walking.
You learn spells naturally, not from books.
Your magical power is your life essence.
You have superior vitality. (+4 MHP)


   Skills:
 - Level 2.8 Fighting
 - Level 4.0 Ranged Weapons
 + Level 0.5 Armour
 - Level 2.1 Dodging
 - Level 0.7 Stealth


You knew the following spells:

 Your Spells              Type           Power      Damage    Failure   Level
a - Necrotise             Necr           0%         1d4       67%         1
Your spell library was empty.

Inventory:

Hand Weapons
 a - a +0 shortbow of flaming (weapon)
Armour
 e - a +0 ring mail (worn)
Jewellery
 f - an amulet of reflection (around neck)
Scrolls
 b - a scroll of noise {unknown}
 c - 2 scrolls of poison {unknown}
 d - a scroll of torment {unknown}

Dungeon Overview and Level Annotations

Branches:
Dungeon (2/15)

Altars:

Shops:
D:1 !

Annotations:
D:2 Sigmund


Message History

You shoot an arrow. The arrow closely misses Sigmund.
Sigmund hits you from afar with a +0 scythe!
You shoot an arrow.
The arrow hits Sigmund but does no damage.
Sigmund is lightly wounded.
You block Sigmund's attack.
You shoot an arrow. The arrow hits Sigmund!
The arrow burns Sigmund.
Sigmund is heavily wounded.
You shoot an arrow. The arrow closely misses Sigmund.
Sigmund casts a spell.
Sigmund flickers and vanishes!
Deactivating autopickup; reactivate with Ctrl-A.
Something hits you!
You shoot an arrow. Something hits you but does no damage.
You shoot an arrow. You shoot an arrow.
You hear some strange, mumbled words.
You are confused.
Something hits you but does no damage.
You shoot an arrow.
A magic dart appears from out of thin air!
The magic dart hits you.
You shoot an arrow. Something hits you but does no damage.
You shoot an arrow. Something hits you.
You shoot an arrow. Something hits you!
You shoot an arrow.
You feel less confused. Something hits you.
You shoot an arrow. Something hits you but does no damage.
You shoot an arrow. You shoot an arrow.
You hear some strange, mumbled words.
A puff of flame appears from out of thin air!
The puff of flame hits you. You resist. Something hits you!
You die...

# .# # ####.# .. #..{.#
###.. ###@# ##...>
...##...#########..#####
#...........##...##...#
..(.#.##..............>.
##........<.............
#.#.###................
# #. #................
.. ##...........>... ..
##...##.%......#


There were no monsters in sight!

Vanquished Creatures
  6 bats (D:1)
  An endoplasm (D:1)
  2 giant cockroaches (D:1)
  2 goblins (D:1)
  3 hobgoblins (D:1)
  15 jackals
  A quokka (D:1)
  3 ball pythons
  2 frilled lizards
  6 kobolds (D:1)
  2 rats (D:1)
43 creatures vanquished.

Notes
Turn   | Place    | Note
-------+----------+-------------------------------------------
     0 | D:1      | qw the Djinni Hunter began the quest for the Orb.
     0 | D:1      | Reached XP level 1. HP: 18/18 MP: 0/0
     0 | D:1      | 0 ||| qw: Version: 0.3-a-134-g2ba4250
     0 | D:1      | 0 ||| qw: Game counter: 768
     0 | D:1      | 0 ||| qw: Melee chars always use a shield: true
     0 | D:1      | 0 ||| qw: God list: Okawaru
     0 | D:1      | 0 ||| qw: Allow faded altars: false
     0 | D:1      | 0 ||| qw: Do Orc after clearing Dungeon:15 true
     0 | D:1      | 0 ||| qw: Do second Lair branch before Depths: true
     0 | D:1      | 0 ||| qw: Lair rune preference: random
     0 | D:1      | 0 ||| qw: Goals: Normal
     0 | D:1      | 0 ||| PLANNING D:1-11
    48 | D:1      | Reached XP level 2. HP: 17/23 MP: 0/0
   331 | D:1      | Found Caamaumu's Distillery.
   334 | D:1      | 334 ||| SHOPLISTING potion of enlightenment (70 gold, have
                  | 28).
   334 | D:1      | 334 ||| SHOPLISTING potion of heal wounds (70 gold, have
                  | 28).
   334 | D:1      | 334 ||| SHOPLISTING potion of mutation (112 gold, have 28).
   351 | D:1      | Reached skill level 4 in Ranged Weapons
   351 | D:1      | Reached XP level 3. HP: 23/28 MP: 0/0
   351 | D:1      | Learned a level 1 spell: Necrotise
   823 | D:1      | 823 ||| UPGRADING to +0 ring mail.
   833 | D:1      | 833 ||| DROPPING +0 leather armour.
   834 | D:1      | 834 ||| UPGRADING to amulet of reflection.
   839 | D:1      | 839 ||| READING scroll labelled DOUBAO ORGHEUD.
   839 | D:1      | 839 ||| BRANDING +0 shortbow.
   840 | D:1      | 840 ||| READING scroll labelled IRIYQE GUORA.
   840 | D:1      | Identified a scroll of acquirement
   840 | D:1      | 840 ||| ACQUIRING 861 gold pieces
   840 | D:1      | Acquired 861 gold pieces
   842 | D:1      | 842 ||| READING scroll labelled FYNLIO FIUSMA.
   843 | D:1      | 843 ||| DROPPING scroll of butterflies.
   907 | D:2      | Reached XP level 4. HP: 34/34 MP: 0/0
   935 | D:2      | Noticed Sigmund
   948 | D:2      | HP: 3/34 [something (9)]
   952 | D:2      | Slain by Sigmund

Levels and vault maps discovered:
D:1:      dpeg_arrival_arbitrary_a, layout_loops_ring, serial_shops,
          nicolae_shop_tiny_real_fake_doors, minmay_pentomino_r2
D:2:      layout_rooms, dk_noncrumbling_3, uniq_sigmund

Skill      XL: |  1  2 |
---------------+-------+-----
Ranged Weapons | 4 |  4.0
Fighting       | |  2.8
Armour         | |  0.5
Dodging        | |  2.1
Stealth        | |  0.7

Action                     |  1- 3 |  4- 6 || total
---------------------------+-------+-------++-------
   Fire: Shortbow          |   121 |    24 ||   145
    Use: Scroll            |     3 |       ||     3
 Armour: Leather armour    |    74 |       ||    74
         Ring mail         |       |    19 ||    19
  Dodge: Dodged            |   117 |     6 ||   123
  Block: Other             |       |     2 ||     2

Table legend:
 A = Non-vault XP
 B = Vault XP
 C = Vault XP percentage of total XP
 D = Non-vault monster count
 E = Vault monster count
 F = Vault count percentage of total count
                 A         B        C        D         E       F
            +---------+---------+-------+---------+---------+-------
      Total |      70 |       2 |   2.8 |      41 |       2 |   4.7
            +---------+---------+-------+---------+---------+-------
        D:1 |      62 |       2 |   3.1 |      36 |       2 |   5.3
        D:2 |       8 |       0 |   0.0 |       5 |       0 |   0.0
            +---------+---------+-------+---------+---------+-------
